 Dungeon Crawl Stone Soup version 0.17.1-2-g5865329 (webtiles) character file.

476 Mysteryquy the Changer (level 6, -1/47 HPs)
             Began as a Draconian Transmuter on Jan 11, 2016.
             Was a Believer of Makhleb.
             Killed by divine providence
             ... invoked by an orc priest
              (9 damage)
             ... on level 4 of the Dungeon.
             The game lasted 00:09:19 (4491 turns).

Mysteryquy the Changer (Draconian Transmuter)       Turns: 4491, Time: 00:09:19

Health: -1/47      AC:  2    Str: 13    XL:     6   Next: 84%
Magic:  6/9        EV: 19    Int: 15    God:    Makhleb [**....]
Gold:   128        SH:  0    Dex: 16    Spells: 2 memorised, 5 levels left

rFire  . . .     SeeInvis .       - Unarmed
rCold  . . .     Clarity  .     (armour unavailable)
rNeg   . . .     SustAt   .     (shield currently unavailable)
rPois  x         Gourm    .     (helmet currently unavailable)
rElec  .         Spirit   .     (cloak currently unavailable)
rCorr  .         Warding  .     (gloves currently unavailable)
rMut   .         Stasis   .     (boots currently unavailable)
MR     .....                    (no amulet)
Stlth  ++........               (no ring)
                                s - ring of stealth

@: spider-form, not resistant to hostile enchantments, unstealthy
A: unfitting armour, (cold-blooded), AC +6
a: End Transformation, Minor Destruction, Renounce Religion


You were on level 4 of the Dungeon.
You worshipped Makhleb.
Makhleb was pleased with you.
You were not hungry.
You were a venomous arachnid creature.
You visited 1 branch of the dungeon, and saw 4 of its levels.

You collected 128 gold pieces.

Inventory:

Missiles
 a - 71 arrows
 m - 10 arrows of flame
Armour
 g - a +0 pair of gloves
 H - a +2 pair of gloves (melded)
Jewellery
 s - a ring of stealth (left front leg)
 y - a +1 ring of protection {unknown}
Wands
 J - a wand of polymorph (8)
Scrolls
 d - 3 scrolls of identify {unknown}
 h - a scroll of teleportation {unknown}
 j - 3 scrolls of fog {unknown}
 k - 2 scrolls of enchant weapon {unknown}
 n - a scroll of remove curse {unknown}
 p - a scroll of amnesia {unknown}
 t - a scroll of recharging {unknown}
 D - a scroll of enchant armour {unknown}
 F - a scroll of magic mapping {unknown}
Potions
 e - a potion of curing
 i - 2 potions of heal wounds {unknown}
 l - a potion of haste {unknown}
 o - a potion of degeneration {unknown}
 q - 2 potions of flight {unknown}
 v - a potion of cure mutation {unknown}
 w - a potion of agility {unknown}
 z - a potion of berserk rage {unknown}
 A - a potion of magic {unknown}
 B - 2 potions of lignification {unknown}
 E - a potion of might {unknown}
 I - a potion of cancellation {unknown}
Books
 b - a book of Changes

   Spells                             Type                      Level
   a - Beastly Appendage              Transmutation                1
   b - Sticks to Snakes               Transmutation                2
   c - Spider Form                    Transmutation/Poison         3
   d - Ice Form                       Ice/Transmutation            4
   e - Blade Hands                    Transmutation                5
 r - a book of Death

   Spells                             Type                      Level
   a - Corpse Rot                     Necromancy                   2
   b - Sublimation of Blood           Necromancy                   2
   c - Agony                          Necromancy                   5
   d - Dispel Undead                  Necromancy                   5
   e - Excruciating Wounds            Charms/Necromancy            5
   f - Bolt of Draining               Conjuration/Necromancy       5
 x - an Akashic Record

   Spells                             Type                      Level
   a - Dispersal                      Translocation                6
   b - Malign Gateway                 Summoning/Translocation      7
   c - Disjunction                    Translocation                8
   d - Controlled Blink               Translocation                8
Comestibles
 c - 4 bread rations
 f - a beef jerky
 u - 2 meat rations
 C - a slice of pizza
 G - 2 chunks of flesh


   Skills:
 - Level 1.1 Fighting
 - Level 1.7 Dodging
 - Level 3.0 Unarmed Combat
 - Level 2.0 Spellcasting
 + Level 6.9 Transmutations
 + Level 2.4 Poison Magic


You had 5 spell levels left.
You knew the following spells:

 Your Spells              Type           Power        Failure   Level  Hunger
a - Beastly Appendage     Trmt           ###...       6%          1    #......
b - Spider Form           Trmt/Pois      ###.......   28%         3    ###....


Dungeon Overview and Level Annotations

Branches:
Dungeon (4/15)
 Temple: D:4-7

Altars:
Ashenzari
Makhleb
The Shining One


Innate Abilities, Weirdness & Mutations

((Your plain brown scales are hard (AC +6).))
Your body does not fit into most forms of armour.
((You are cold-blooded and may be slowed by cold attacks.))


Message History

Your horns disappear.
You turn into a venomous arachnid creature.
Your +2 pair of gloves melds into your body.
The river rat bites you. The river rat completely misses you.
You can't do that in your present form.
You barely miss the river rat. The river rat misses you.
The river rat bites you.
* * * LOW HITPOINT WARNING * * *
You barely miss the river rat. The river rat barely misses you.
The orc priest hits you from afar with a trident.
* * * LOW HITPOINT WARNING * * *
The river rat closely misses you.
You hit the river rat.
The river rat is poisoned.
The river rat is lightly wounded.
The river rat barely misses you. The river rat misses you.
The orc priest barely misses you. The river rat closely misses you.
The orc priest invokes the aid of Beogh against you.
Something smites you!
You die...

#♣♣♣♣♣♣♣.....♣♣#.................
# ♣.♣♣.♣♣.♣§♣..############### #
♣P♣P.....P♣♣..# #.####### #
♣P......♣P..#.# #.......###
....♣♣.......P.# #...###.##.
♣♣.P.P♣..♣..♣P.# ###.# #.##.
♣♣.♣.♣P♣♣P.♣..# #.# #.##. ♣.
...P.♣.♣#..# #.# #.##. . ♣.(8.
..♣#s.# #.# #.##. ♣.... ♣.♣.rr#
#.# #.... .P8.⌠. ♣...#.# #.#
##### ♣.P....P♣.♣#o# #.# ♣.
8.P♣.♣P..## #.# ♣P......♣#...#
#.# ♣..♣♣♣♣♣o#..## #.#
P♣P..♣.P.♣##..# #.#
...♣P.)Po♣.#..## #.#


You could see an orc priest and 2 river rats.

Vanquished Creatures
  A crimson imp (D:4)
  Ijyb (D:3)
  A hound (D:2)
  An orc priest (D:4)
  2 iguanas (D:4)
  An orc wizard (D:3)
  A worker ant (D:4)
  4 gnolls (D:4)
  11 adders
  A river rat (D:4)
  2 oozes
  4 worms
  4 giant geckos
  9 orcs
  8 bats
  4 giant cockroaches
  4 hobgoblins
  5 jackals
  5 quokkas
  A giant gecko skeleton (D:4)
  9 giant newts
  2 goblins
  11 kobolds
  11 rats
  A plant (D:4)
104 creatures vanquished.

Vanquished Creatures (others)
  4 plants (D:4)
4 creatures vanquished.

Grand Total: 108 creatures vanquished

Notes
Turn   | Place    | Note
--------------------------------------------------------------
     0 | D:1      | Mysteryquy the Draconian Transmuter began the quest for the Orb.
     0 | D:1      | Reached XP level 1. HP: 16/16 MP: 3/3
   374 | D:1      | Reached XP level 2. HP: 23/23 MP: 5/5
  1080 | D:2      | Reached XP level 3. HP: 9/28 MP: 6/6
  1533 | D:2      | Reached skill level 4 in Transmutations
  1545 | D:2      | Found a burning altar of Makhleb.
  1556 | D:2      | Reached XP level 4. HP: 26/35 MP: 5/7
  1565 | D:2      | Became a worshipper of Makhleb the Destroyer
  1900 | D:2      | Found a shattered altar of Ashenzari.
  1912 | D:2      | Reached skill level 5 in Transmutations
  2440 | D:3      | Reached * piety under Makhleb
  2509 | D:3      | Reached XP level 5. HP: 36/40 MP: 8/8
  2534 | D:3      | Learned a level 3 spell: Spider Form
  2575 | D:3      | Found a glowing golden altar of the Shining One.
  2830 | D:3      | Noticed Ijyb
  2841 | D:3      | Killed Ijyb
  3137 | D:3      | Reached ** piety under Makhleb
  3147 | D:3      | Reached skill level 6 in Transmutations
  3424 | D:4      | Reached skill level 1 in Poison Magic
  3502 | D:4      | Reached XP level 6. HP: 47/47 MP: 7/9
  4491 | D:4      | Killed from afar by an orc priest

Action                   |  1- 3 |  4- 6 || total
-------------------------+-------+-------++-------
Melee: Unarmed           |   124 |   420 ||   544
 Cast: Beastly Appendage |     3 |     8 ||    11
       Spider Form       |       |    18 ||    18
  Use: Potion            |     1 |     1 ||     2
 Stab: Sleeping          |     2 |     8 ||    10
  Eat: Chunk             |     1 |    14 ||    15
